 Dungeon Crawl Stone Soup version 0.23.0-3-gf3c87f2 (webtiles) character file.

Game seed: 15938275511796582788

1612 Scaeme the Geomancer (level 8, -2/43 HPs)
             Began as a Gargoyle Earth Elementalist on Feb 24, 2019.
             Was a Plaything of Xom.
             Killed from afar by an oklob plant (11 damage)
             ... with a splash of acid
             ... created by the enmity of Fedhas Madash
             ... on level 6 of the Dungeon.
             The game lasted 01:39:25 (5693 turns).

Scaeme the Geomancer (Gargoyle Earth Elementalist)  Turns: 5693, Time: 01:39:28

Health: -2/43      AC:  8    Str: 11    XL:     8   Next: 95%
Magic:  15/15      EV: 12    Int: 21    God:    Xom [*.....]
Gold:   364        SH:  0    Dex: 10    Spells: 1/17 levels left

rFire    . . .     SeeInvis .   a - +2 whip (elec)
rCold    . . .     Gourm    .   (no shield)
rNeg     + . .     Faith    +   c - +1 robe
rPois    ∞         Spirit   .   (no helmet)
rElec    +         Reflect  .   (no cloak)
rCorr    .         Harm     .   (no gloves)
MR       .....     Rnd*Rage +   (no boots) Stlth +++.......Rnd*Tele +
                                u - amulet of faith
HPRegen  0.14/turn              q - ring of teleportation (curse)
MPRegen  0.14/turn              (no ring)

@: no status effects
A: big wings, berserk 1, clever 1, negative energy resistance 1, electricity
resistance, wild magic 1, unbreathing, evolution 1, petrification resistance,
rot immunity, AC +5
a: Fly, Renounce Religion


You were on level 6 of the Dungeon.
You worshipped Xom.
You were a special plaything of Xom.
You were not hungry.

You visited 1 branch of the dungeon, and saw 6 of its levels.

You collected 364 gold pieces.

Inventory:

Hand Weapons
 a - a +2 whip of electrocution (weapon)
 e - a +2 dagger of flaming
Missiles
 b - 68 stones (quivered)
 o - 46 sling bullets
Armour
 c - a +1 robe (worn)
Jewellery
 q - a cursed ring of teleportation (left hand)
 t - an uncursed amulet of rage
 u - an amulet of faith (around neck)
Wands
 j - a wand of digging (4)
 k - a wand of acid (10)
 m - a wand of paralysis (8)
Scrolls
 f - 2 scrolls of remove curse
 h - 6 scrolls of identify
 i - 2 scrolls of fear
 p - 2 scrolls of immolation
 s - 2 scrolls of magic mapping
 v - a scroll of fog {unknown}
Potions
 g - a potion of lignification
 l - 7 potions of curing
 r - a potion of agility
Comestibles
 d - 9 rations


   Skills:
 + Level 1.5 Fighting
 + Level 2.5 Maces & Flails
 + Level 3.0 Dodging
 - Level 5.0 Stealth
 + Level 5.2 Spellcasting
 + Level 1.1 Transmutations
 * Level 9.5 Earth Magic


You had one spell level left.
You knew the following spells:

 Your Spells              Type           Power        Failure   Level  Hunger
a - Sandblast             Erth           ######       1%          1    None
b - Passwall              Tmut/Erth      #####...     3%          2    None
c - Petrify               Tmut/Erth      #####...     17%         4    ####...
d - Leda's Liquefaction   Hex/Erth       ####......   21%         4    ####...
e - Stone Arrow           Conj/Erth      ####..       7%          3    ##.....
f - Blink                 Tloc           N/A          22%         2    None

Your spell library contained the following spells:

 Spells                   Type           Power        Failure   Level  Hunger
 Corona                   Hex            #......      16%         1    None
 Lee's Rapid Deconstruct  Erth           ######....   10%         5    #####..
 Shroud of Golubria       Chrm/Tloc      #.........   22%         2    None
 Slow                     Hex            #.......     22%         2    None
 Gell's Gravitas          Tloc           #.........   41%         3    ##.....
 Inner Flame              Hex/Fire       #.......     41%         3    ##.....
 Lesser Beckoning         Tloc           #.........   41%         3    ##.....
 Portal Projectile        Hex/Tloc       #.....       41%         3    ##.....
 Teleport Other           Tloc           #.......     41%         3    ##.....
 Cause Fear               Hex            #.........   78%         4    ####...
 Passage of Golubria      Tloc           N/A          78%         4    ####...


Dungeon Overview and Level Annotations

Branches:
Dungeon (6/15)
 Temple: D:4-7

Altars:
Ashenzari
Cheibriados
Fedhas
Kikubaaqudgha
Nemelex Xobeh
Qazlal
Xom
Yredelemnul

Shops:
D:6 }

Annotations:
D:4 exclusion: oklob plant
D:6 exclusion: oklob plant


Innate Abilities, Weirdness & Mutations

You are resistant to torment.
Your stone body is resilient. (AC +5)
You are immune to poison.
You resist negative energy. (rN+)
You are resistant to electric shocks. (rElec)
You can survive without breathing.
You are immune to petrification.
You are immune to rotting.
Your large and strong wings let you fly indefinitely.
You tend to lose your temper in combat.
Your mind is acute. (Int +2)
Your spells are a little harder to cast, but a little more powerful.
You evolve.


Message History

You start resting.
Magic restored.
Plants grow around you in an ominous manner.
Marking area around the oklob plant as unsafe for travelling.
An oklob plant comes into view.
You hit the wandering mushroom but do no damage.
Lightning courses through the wandering mushroom!
The wandering mushroom is lightly damaged.
You hit the wandering mushroom but do no damage.
The wandering mushroom is lightly damaged.
The wandering mushroom releases spores at you!
* * * LOW HITPOINT WARNING * * *
You hit the wandering mushroom.
Lightning courses through the wandering mushroom!
The wandering mushroom is heavily damaged.
The oklob plant spits acid at you.
Fedhas protects a plant from harm.
The splash of acid hits you!
You die...
Xom guffaws!

#.#.. #######.#.######
#...5)#.#......#
#.###.....####.# #
#.#.).......)..##.#
#.#.#.))....).f...#
###.....#.#.###.P####.#
......#####.###.f.....#
####### #...f.@######
########


You could see an oklob plant and 3 wandering mushrooms.

Vanquished Creatures
  An oklob plant (D:6)
  2 wandering mushrooms
  Grinder (D:4)
  Menkaure (D:4)
  An ice beast (D:5)
  2 ogres
  A centaur (D:5)
  2 bullfrogs (D:6)
  A scorpion (D:6)
  2 howler monkeys (D:4)
  A quasit (D:5)
  2 crimson imps
  3 hounds (D:5)
  A jelly (D:4)
  An orc priest (D:5)
  A centaur skeleton (D:6)
  An iguana (D:6)
  Ijyb (D:3)
  2 worker ants
  A hound zombie (D:6)
  A worker ant zombie (D:6)
  5 gnolls (D:6)
  A howler monkey skeleton (D:6)
  6 adders
  A shadow imp (D:6)
  An ooze (D:3)
  An adder skeleton (D:5)
  4 worms
  6 dart slugs
  8 leopard geckos
  10 orcs
  10 bats
  A bat zombie (D:6)
  6 giant cockroaches
  12 goblins
  4 hobgoblins
  5 jackals (D:1)
  2 quokkas
  A ball python (D:2)
  3 frilled lizards
  A jackal skeleton (D:2)
  3 kobolds
  A leopard gecko skeleton (D:6)
  8 rats
  2 rat zombies (D:6)
  A bush (D:3)
  2 fungi (D:1)
134 creatures vanquished.

Vanquished Creatures (collateral kills)
  A wandering mushroom (D:6)
  An orc warrior (D:6)
  A centaur zombie (D:6)
  2 orcs (D:6)
5 creatures vanquished.

Grand Total: 139 creatures vanquished

Notes
Turn   | Place    | Note
-------+----------+-------------------------------------------
     0 | D:1      | Scaeme the Gargoyle Earth Elementalist began the quest for
                  | the Orb.
     0 | D:1      | Reached XP level 1. HP: 10/10 MP: 3/3
   314 | D:1      | Reached XP level 2. HP: 16/16 MP: 1/5
   501 | D:1      | Reached skill level 4 in Earth Magic
   679 | D:1      | Reached XP level 3. HP: 15/20 MP: 1/6
  1384 | D:2      | Learned a level 2 spell: Passwall
  1508 | D:2      | Reached XP level 4. HP: 23/24 MP: 3/8
  1593 | D:2      | Reached skill level 5 in Earth Magic
  1685 | D:2      | Found a basalt altar of Yredelemnul.
  1685 | D:2      | Found a snail-covered altar of Cheibriados.
  1903 | D:2      | Learned a level 4 spell: Petrify
  1940 | D:2      | Gained mutation: You tend to lose your temper in combat.
                  | [potion of mutation]
  1940 | D:2      | Gained mutation: Your spells are a little harder to cast,
                  | but a little more powerful. [potion of mutation]
  1940 | D:2      | Gained mutation: Your large and strong wings let you fly
                  | indefinitely. [potion of mutation]
  1940 | D:2      | Gained mutation: You evolve. [potion of mutation]
  2150 | D:3      | Found a sparkling altar of Nemelex Xobeh.
  2281 | D:3      | Reached XP level 5. HP: 28/28 MP: 5/9
  2301 | D:3      | Found a blossoming altar of Fedhas.
  2423 | D:3      | Became a worshipper of Fedhas Madash
  2548 | D:3      | Gained mutation: Your mind is acute. (Int +2) [evolution]
  2979 | D:3      | Noticed Ijyb
  2989 | D:3      | Killed Ijyb
  3065 | D:3      | Found a shimmering altar of Xom.
  3113 | D:3      | Fell from the grace of Fedhas
  3113 | D:3      | Became a worshipper of Xom of Chaos
  3240 | D:3      | XOM: silly message
  3481 | D:4      | Noticed Menkaure
  3482 | D:4      | XOM: divination: magic mapping
  3483 | D:4      | Noticed Grinder
  3488 | D:4      | Killed Menkaure
  3488 | D:4      | Reached skill level 6 in Earth Magic
  3488 | D:4      | Reached XP level 6. HP: 33/33 MP: 0/11
  3491 | D:4      | Paralysed by Grinder for 5 turns
  3503 | D:4      | Killed Grinder
  3503 | D:4      | Reached skill level 1 in Transmutations
  3503 | D:4      | Reached XP level 7. HP: 26/37 MP: 0/12
  3535 | D:4      | Reached skill level 1 in Maces & Flails
  3589 | D:4      | Found a shattered altar of Ashenzari.
  3625 | D:4      | Reached skill level 1 in Fighting
  3627 | D:4      | XOM: harmless Necr miscast
  3653 | D:4      | Noticed a wandering mushroom
  3653 | D:4      | Noticed an oklob plant
  3681 | D:4      | Killed a wandering mushroom
  3946 | D:4      | Reached skill level 7 in Earth Magic
  3966 | D:4      | Found a stormy altar of Qazlal.
  4112 | D:5      | Entered Level 5 of the Dungeon
  4259 | D:5      | Reached XP level 8. HP: 43/43 MP: 6/14
  4364 | D:5      | Reached skill level 8 in Earth Magic
  4549 | D:5      | XOM: harmless Summ miscast
  4860 | D:6      | Found Ofudoceps's Gadget Emporium.
  4876 | D:6      | XOM: divination: detect creatures
  4957 | D:6      | XOM: harmless Hex miscast
  4982 | D:6      | Noticed a wandering mushroom
  4982 | D:6      | Noticed a wandering mushroom
  4982 | D:6      | Noticed an oklob plant
  4988 | D:6      | XOM: potion effect (brilliance)
  4989 | D:6      | XOM: divination: magic mapping
  4992 | D:6      | XOM: potion effect (invisibility)
  4996 | D:6      | XOM: potion effect (heal wounds)
  4997 | D:6      | XOM: summons friendly iron imp
  4998 | D:6      | Killed an oklob plant
  4998 | D:6      | XOM: potion effect (agility)
  5001 | D:6      | XOM: potion effect (haste)
  5003 | D:6      | XOM: confuse monster(s)
  5014 | D:6      | Killed a wandering mushroom
  5018 | D:6      | XOM: cast spell 'Summon Dragon'
  5021 | D:6      | Killed a wandering mushroom
  5146 | D:6      | Found an ancient bone altar of Kikubaaqudgha.
  5188 | D:6      | Reached skill level 5 in Stealth
  5253 | D:6      | Learned a level 4 spell: Leda's Liquefaction
  5257 | D:6      | Learned a level 3 spell: Stone Arrow
  5311 | D:6      | XOM: polymorph gnoll sergeant -> iguana
  5313 | D:6      | Reached skill level 9 in Earth Magic
  5447 | D:6      | XOM: god gift: scroll labeled QULIKK IROFUIT {god gift}
  5479 | D:6      | Reached skill level 5 in Spellcasting
  5479 | D:6      | XOM: god gift: leatherbound book {god gift}
  5484 | D:6      | Learned a level 2 spell: Blink
  5611 | D:6      | XOM: summons 8 friendly demons
  5625 | D:6      | XOM: smoke on damage
  5660 | D:6      | XOM: noise
  5691 | D:6      | Noticed a wandering mushroom
  5691 | D:6      | Noticed a wandering mushroom
  5691 | D:6      | Noticed an oklob plant
  5691 | D:6      | Noticed a wandering mushroom
  5693 | D:6      | Killed from afar by an oklob plant

Skill      XL: |  1  2  3  4  5  6  7  8 |
---------------+-------------------------+-----
Earth Magic    | 4 5 6 7 9 |  9.5
Spellcasting   | 3 4 5 |  5.2
Dodging        | 2 3 |  3.0
Stealth        | 3 4 5 |  5.0
Transmutations | 1 |  1.1
Maces & Flails | 1 2 |  2.5
Fighting       | 1 |  1.5

Action                   |  1- 3 |  4- 6 |  7- 9 || total
-------------------------+-------+-------+-------++-------
Melee: Unarmed           |    38 |       |     3 ||    41
       Mace              |     6 |       |       ||     6
       Dagger            |    61 |    53 |       ||   114
       Whip              |       |    66 |   123 ||   189
 Cast: Sandblast         |    24 |    28 |    55 ||   107
       Petrify           |       |     3 |     6 ||     9
       Passwall          |       |     2 |     1 ||     3
       Stone Arrow       |       |       |     1 ||     1
       Leda's Liquefacti |       |       |     1 ||     1
 Abil: Fly               |       |     1 |     1 ||     2
       Stop Flying       |       |     1 |     1 ||     2
Evoke: Wand              |       |       |     3 ||     3
  Use: Scroll            |     3 |     5 |     6 ||    14
       Potion            |     2 |     4 |     2 ||     8
 Stab: Sleeping          |     2 |     3 |     5 ||    10
       Petrified         |       |       |    11 ||    11
       Paralysed         |       |       |     9 ||     9
       Invisible         |       |       |     1 ||     1
  Eat: Chunk             |     2 |     4 |     9 ||    15
       Ration            |       |     1 |       ||     1
Armor: Robe              |     8 |    38 |    34 ||    80
       Chain mail        |    14 |       |       ||    14
Dodge: Dodged            |    31 |    52 |    69 ||   152
